AoeStats
← CHAO NGAY MOI

Scandinavia

510312881Analyzed
1v1 RM · 21h ago on Sep 30, 2026· 70m 57s· 2 players
Game mode
Random Map
Map size
Tiny (2 player)
Population
200
Speed
Normal
Resources
Standard
Victory
Conquest
Starting age
Dark Age
Ending age
Imperial Age
RankedLock teamsTeams togetherTeam positionsShared explorationLock speedFull tech treeHidden civsTurbo modeCheats
Victory
Defeat
🇬🇧 Hindustanis · United Kingdom
983
+39
🇯🇵 Italians · Japan
958
-15
CHAO NGAY MOI
9:50 Loom
11:37 Feudal Age
13:58 Double-Bit Axe
13:59 Fishing Lines
21:20 Castle Age
20:12 Stone Mining
20:12 Gold Mining
20:19 Horse Collar
24:49 Gillnets
25:13 Bow Saw
29:57 Imperial Age
28:04 Wheelbarrow
28:58 Heavy Plow
30:41 Thumb Ring
30:31 Fletching
30:41 Padded Archer Armor
31:07 Conscription
32:57 Two-Man Saw
31:45 Elite Genoese Crossbowman
32:56 Medium Warships
33:37 Bodkin Arrow
33:58 Leather Archer Armor
38:43 Heavy Warships
39:00 Bracer
39:16 Leather Archer Armor
42:05 Chemistry
41:26 Ballistics
41:02 Murder Holes
43:10 Ring Archer Armor
44:10 Light Cavalry
45:01 Bloodlines
44:54 Husbandry
44:57 Hussar
46:58 Forging
46:54 Scale Barding Armor
54:54 Iron Casting
Big bird
12:50 Feudal Age
13:02 Loom
13:26 Double-Bit Axe
16:34 Wheelbarrow
17:09 Horse Collar
18:14 Fishing Lines
22:52 Castle Age
23:56 Bow Saw
25:10 Gillnets
28:52 Imperial Age
28:37 Gold Mining
29:21 Forging
29:13 Scale Mail Armor
30:38 Squires
31:06 Hand Cart
32:09 Gold Shaft Mining
32:36 Two-Man Saw
32:57 Iron Casting
32:38 Chain Mail Armor
32:37 Husbandry
33:15 Bloodlines
33:15 Stone Mining
33:27 Town Watch
34:38 Elite Ghulam
36:13 Conscription
36:23 Town Patrol
37:27 Heavy Plow
38:07 Stone Shaft Mining
37:46 Shatagni
38:52 Chemistry
37:24 Light Cavalry
45:56 Blast Furnace
45:31 Masonry
45:36 Fortified Wall
45:34 Siege Engineers
46:17 Hussar
54:19 Heavy Camel Rider
Connection lost

Rejoining the realm…

Still unreachable

The connection could not be restored.

Session expired

The server has moved on; the page needs a fresh start.